 Dungeon Crawl Stone Soup version 0.29.0-4-gdea44cf6ec (webtiles) character file.

Game seed: 6327006954357487813

4904 greasedhog the Spear-Bearer (level 10, 0/60 (61) HPs)
             Began as a Tengu Wanderer on Aug 27, 2022.
             Was an Elder of Okawaru.
             Slain by a sixfirhy (5 damage)
             ... on level 1 of the Abyss.
             The game lasted 00:11:39 (9067 turns).

greasedhog the Spear-Bearer (Tengu Wanderer)        Turns: 9067, Time: 00:11:40

HP:   0/60 (61)     AC: 12    Str: 18    XL:     10   Next: 51%
MP:   15/15         EV: 17    Int: 11    God:    Okawaru [****..]
Gold: 375           SH:  0    Dex: 18    Spells: 9/9 levels left

rFire   . . .      SeeInvis .   g - +2 spear (freeze)
rCold   . . .      Faith    .   (no shield)
rNeg    . . .      Spirit   .   k - +4 ring mail of the Accordion {+Blink +Inv Str+4}
rPois   .          Reflect  .   (helmet restricted)
rElec   .          Harm     .   (no cloak)
rCorr   .          Rampage  .   a - +2 pair of gloves
Will    .....                   (boots unavailable)
Stlth   +.........              (no amulet)
HPRegen 0.20/turn               (no ring)
MPRegen 0.14/turn               (no ring)

@: about to teleport, flying quickly and evasively, lightly drained, quick
A: beak, talons 3, nimble flight
a: Renounce Religion, Evoke Blink, Evoke Invisibility, Heroism, Finesse


You were on level 1 of the Abyss.
You worshipped Okawaru.
Okawaru was greatly pleased with you.
You visited 2 branches of the dungeon, and saw 9 of its levels.
You visited the Abyss 1 time.

You collected 417 gold pieces.
You spent 42 gold pieces at shops.

Inventory:

Hand Weapons
 b - a +0 scythe of venom
 g - a +2 spear of freezing (weapon)
Armour
 a - a +2 pair of gloves (worn)
 k - the +4 ring mail of the Accordion (worn) {+Blink +Inv Str+4}
   (You found it on level 2 of the Dungeon)

   Str:       It affects your strength (+4).
   +Inv:      It lets you turn invisible.
   +Blink:    It lets you blink.
Jewellery
 o - an amulet of faith
Wands
 f - a wand of iceblast (4)
Scrolls
 d - 3 scrolls of teleportation
 e - a scroll of magic mapping
 h - a scroll of torment
 l - a scroll of blinking {unknown}
 s - a scroll of summoning {unknown}
Potions
 j - 8 potions of curing
 m - a potion of lignification {unknown}
 n - a potion of might
 p - a potion of berserk rage {unknown}
 q - a potion of attraction {unknown}
 r - a potion of haste {unknown}
Miscellaneous
 c - a piece from Xom's chessboard (15/15) (quivered)


   Skills:
 * Level 6.3 Fighting
 - Level 1.1(2.6) Maces & Flails
 * Level 11.5(11.7) Polearms
 - Level 3.9(8.4) Staves
 - Level 7.0 Dodging
 - Level 5.7 Invocations
 - Level 3.0 Evocations


You had 9 spell levels left.
You didn't know any spells.
Your spell library contained the following spells:

 Spells                   Type           Power      Damage    Failure   Level
 Slow                     Hex            0%         N/A       54%         1
 Sting                    Tmut/Pois      0%         1d3       54%         1
 Confusing Touch          Hex            0%         N/A       88%         3
 Spider Form              Tmut/Pois      0%         N/A       88%         3
 Vampiric Draining        Necr           0%         2d6       88%         3
 Starburst                Conj/Fire      0%         6d3       100%        6
 Fire Storm               Conj/Fire      0%         5d1       100%        9


Dungeon Overview and Level Annotations

Branches:
Dungeon (8/15)             Temple (1/1) D:5            Lair (0/5) D:8

Altars:
Ashenzari
Cheibriados
Elyvilon
Fedhas
Gozag
Hepliaklqana
Kikubaaqudgha
Makhleb
Nemelex Xobeh
Okawaru
Qazlal
Ru
Sif Muna
Trog
Uskayaw
Vehumet
Xom
Yredelemnul
Zin

Shops:
D:2 !

Annotations:
D:8 Psyche


Innate Abilities, Weirdness & Mutations

You have a beak for a mouth.
You have claws for feet.
Your magical nature lets you fly swiftly and evasively.


Message History

The worldbinder calls forth creatures from the Crypt!
A small abomination comes into view.
As you read the scroll of teleportation, it crumbles to dust.
You feel strangely unstable.
You feel the power of the Abyss delaying your translocation!
You hear a chilling moan.
The necromancer gestures at you while chanting.
You struggle to resist.
The necromancer disappears in a puff of smoke!
The worldbinder calls forth creatures from the Crypt!
The worldbinder calls forth creatures from the Crypt!
You are suddenly pulled into a different region of the Abyss!
You start resting.
A neqoxec comes into view.
Okay, then.
The cacodemon shouts!
The thrashing horror roars!
A sixfirhy comes into view.
The thrashing horror tramples you.
You are shoved backwards!
A reaper comes into view. It is wielding a +1 antimagic scythe.
The thrashing horror attacks as you move away!
The thrashing horror tramples you!
The thrashing horror closely misses you.
The thrashing horror tramples you.
* * * LOW HITPOINT WARNING * * *
You are shoved backwards!
As you read the scroll of teleportation, it crumbles to dust.
You feel strangely unstable.
You feel the power of the Abyss delaying your translocation!
The thrashing horror roars!
The thrashing horror tramples you!
* * * LOW HITPOINT WARNING * * *
You hold your ground!
The thrashing horror tramples you but does no damage.
The thrashing horror closely misses you.
The thrashing horror tramples you.
* * * LOW HITPOINT WARNING * * *
You are shoved backwards!
The thrashing horror tramples you but does no damage.
The thrashing horror barely misses you. The sixfirhy hits you.
You die...

### #..# #.
#... #. ... .##
# ..#..#
#.##....#
#...#..#
#.#2@.#
.§#..3X#.....#
#...##.##..#.#
#...##.#.# ...
#.# .#...####..
.. #.##§.....#
# .
#...#.#....#
...##.#.###.#2§
. #....# #


You could see a cacodemon, a thrashing horror and a sixfirhy.

Vanquished Creatures
  Sigmund (D:5)
  6 yaks
  4 wyverns
  2 steam dragons
  3 water moccasins
  An acid dragon (D:8)
  Duvessa (D:4)
  2 ice beasts
  2 orc warriors (D:7)
  A black bear (D:6)
  A sky beast (D:8)
  2 centaurs (D:6)
  2 phantoms
  A kobold brigand (D:7)
  2 bullfrogs (D:6)
  A necrophage (D:8)
  A small abomination (Abyss:1)
  2 scorpions
  5 wights
  Dowan (D:4)
  4 howler monkeys
  A quasit (Abyss:1)
  A hound (D:4)
  4 orc priests
  2 jellies
  A gnoll bouda (D:6)
  2 iguanas (D:4)
  Natasha (thrice) (D:3)
  5 orc wizards
  11 gnolls
  4 adders
  3 shadow imps
  2 white imps
  3 worms
  5 dart slugs
  13 orcs
  2 endoplasms (D:2)
  2 giant cockroaches
  9 goblins
  7 hobgoblins
  8 jackals
  5 quokkas
  11 ball pythons
  4 bats
  3 frilled lizards
  8 kobolds
  4 rats
168 creatures vanquished.

Vanquished Creatures (others)
  4 bushes (D:8)
  5 fungi (D:8)
  22 plants (D:8)
31 creatures vanquished.

Grand Total: 199 creatures vanquished

Notes
Turn   | Place    | Note
-------+----------+-------------------------------------------
     0 | D:1      | greasedhog the Tengu Wanderer began the quest for the Orb.
     0 | D:1      | greasedhog set off with the following items: a +2
                  | quarterstaff, a +0 mace, a piece from Xom's chessboard
                  | (15/15), a scroll of teleportation, a +0 robe.
     0 | D:1      | Reached XP level 1. HP: 14/14 MP: 2/2
   209 | D:1      | Reached skill level 1 in Dodging
   209 | D:1      | Reached XP level 2. HP: 19/19 MP: 3/3
   659 | D:1      | Reached XP level 3. HP: 19/23 MP: 4/4
  1307 | D:2      | Found Yfuune's Distillery.
  1312 | D:2      | Bought a potion of curing for 42 gold pieces
  1428 | D:2      | Reached skill level 1 in Polearms
  1463 | D:2      | Identified the +4 ring mail of the Accordion {+Blink +Inv
                  | Str+4}
  1466 | D:2      | Got Heuwurak's Volume of the Barrage and Shapes
  1560 | D:2      | Identified the +3 leather armour of the Harvest Moon {rF+
                  | rN+ Int-2}
  1595 | D:2      | Reached XP level 4. HP: 14/28 MP: 5/5
  1784 | D:2      | Reached skill level 2 in Polearms
  2249 | D:3      | Gained mutation: Your magical nature lets you fly swiftly
                  | and evasively. [Tengu growth]
  2249 | D:3      | Reached XP level 5. HP: 28/32 MP: 6/6
  2595 | D:3      | Reached skill level 3 in Polearms
  2638 | D:3      | Noticed Natasha
  2642 | D:3      | Killed Natasha
  3210 | D:3      | Noticed Natasha
  3218 | D:3      | Killed Natasha
  3219 | D:3      | Reached XP level 6. HP: 25/37 MP: 7/7
  3569 | D:3      | Noticed Natasha
  3574 | D:3      | Killed Natasha
  3631 | D:4      | Reached skill level 4 in Polearms
  3761 | D:4      | Reached skill level 5 in Dodging
  3839 | D:4      | Found a sacrificial altar of Ru.
  4214 | D:4      | Noticed Duvessa
  4214 | D:4      | Noticed Dowan
  4227 | D:4      | Killed Duvessa
  4228 | D:4      | Reached skill level 5 in Polearms
  4228 | D:4      | Reached XP level 7. HP: 27/41 MP: 8/8
  4241 | D:4      | Killed Dowan
  4393 | D:5      | Entered Level 5 of the Dungeon
  4425 | D:5      | Found a radiant altar of Vehumet.
  4636 | D:5      | Found a staircase to the Ecumenical Temple.
  4637 | D:5      | Noticed Sigmund
  4641 | D:5      | Noticed a steam dragon
  4644 | Temple   | Entered the Ecumenical Temple
  4930 | Temple   | Became a worshipper of Warmaster Okawaru
  4957 | Temple   | Killed a steam dragon
  4958 | Temple   | Reached skill level 6 in Polearms
  4974 | D:5      | Killed Sigmund
  4974 | D:5      | Reached * piety under Okawaru
  4975 | D:5      | Reached XP level 8. HP: 21/46 MP: 9/9
  5927 | D:6      | Reached skill level 7 in Polearms
  5927 | D:6      | Reached skill level 1 in Invocations
  6177 | D:6      | Reached skill level 8 in Polearms
  6286 | D:6      | Found a snail-covered altar of Cheibriados.
  6340 | D:6      | Reached ** piety under Okawaru
  6371 | D:6      | Reached XP level 9. HP: 47/50 MP: 12/12
  7020 | D:7      | Reached skill level 9 in Polearms
  7129 | D:7      | Reached skill level 5 in Invocations
  7182 | D:7      | Found a white marble altar of Elyvilon.
  7211 | D:7      | Identified the +9 short sword of the Sun {freeze, Int+4}
  7530 | D:7      | Reached *** piety under Okawaru
  7635 | D:8      | Reached skill level 10 in Polearms
  7965 | D:8      | Reached XP level 10. HP: 53/58 MP: 15/15
  8374 | D:8      | Reached **** piety under Okawaru
  8375 | D:8      | Reached skill level 5 in Fighting
  8531 | D:8      | Reached skill level 11 in Polearms
  8736 | D:8      | Found a staircase to the Lair.
  8853 | D:8      | Noticed Psyche
  8865 | Abyss:1  | Cast into level 1 of the Abyss (Psyche)
  8957 | Abyss:1  | Noticed a rakshasa
  8990 | Abyss:1  | Noticed a worldbinder
  8993 | Abyss:1  | Noticed a skeletal warrior
  8993 | Abyss:1  | Noticed a necromancer
  9002 | Abyss:1  | Noticed a skeletal warrior
  9009 | Abyss:1  | Noticed a skeletal warrior
  9061 | Abyss:1  | Noticed a cacodemon
  9061 | Abyss:1  | Noticed a thrashing horror
  9063 | Abyss:1  | Noticed a sixfirhy
  9063 | Abyss:1  | Noticed a reaper
  9067 | Abyss:1  | Slain by a sixfirhy

Illustrated notes

Levels and vault maps discovered:
D:1:      lightli_arrival_isolated_outpost, layout_basic
D:2:      layout_basic, serial_shops, shop_fountains
D:3:      layout_loops_ring, uniq_natasha
D:4:      layout_loops_ring, nicolae_ru_awakened_eye, portal_sewer_entry_e,
          uniq_duvessa
D:5:      layout_loops_ring, vehumet_crystals, minmay_temple_entry_arrows,
          uniq_sigmund
D:6:      layout_basic, slow_altar_2
D:7:      layout_rooms, elyvilon_altar_4
D:8:      layout_layer_cave, minmay_lair_entry_grove, uniq_psyche
Temple:   bh_familiar_temple
Abyss:1:  base:
Temple

Skill      XL: |  1  2  3  4  5  6  7  8  9 10 |
---------------+-------------------------------+-----
Dodging        | 1 2 3 4 5 6 7 |  7.0
Polearms       | 1 2 3 5 6 8 10 11 | 11.5
Invocations    | 3 5 |  5.7
Fighting       | 4 6 |  6.3
Maces & Flails | |  1.1
Staves         | |  3.9
Evocations     | |  3.0

Action                   |  1- 3 |  4- 6 |  7- 9 | 10-12 || total
-------------------------+-------+-------+-------+-------++-------
Melee: Quarterstaff      |    33 |       |       |       ||    33
       Kick              |     9 |    30 |    65 |    31 ||   135
       Spear             |    43 |   139 |    73 |    22 ||   277
       Peck              |     7 |    21 |    37 |    11 ||    76
       Punch             |     1 |       |     2 |       ||     3
       Halberd           |       |       |   163 |    73 ||   236
  Use: Scroll            |     4 |     2 |     1 |     2 ||     9
       Potion            |       |     1 |     2 |     3 ||     6
 Stab: Sleeping          |     5 |     1 |       |       ||     6
       Invisible         |       |       |     2 |       ||     2
Armor: Robe              |     8 |       |       |       ||     8
       Ring mail         |    10 |    18 |    58 |    24 ||   110
Dodge: Dodged            |    44 |    36 |   155 |    63 ||   298
